[Event "Titled Tuesday Blitz October 31 Early 2023"]
[White "Klukin, Kirill"]
[Black "Sattarov, Bobir"]
[WhiteFideId "24199273"]
[BlackFideId "14203081"]
[WhiteElo "2853"]
[BlackElo "2812"]
[Result "0-1"]
[Round "7"]
[TimeControl "180+1"]
[Date "2023.10.31"]
[WhiteClock "0:00:03"]
[BlackClock "0:00:02"]
[Board "19"]

1. d4 Nf6 2. Nf3 c5 3. e3 g6 4. Be2 b6 5. O-O Bg7 6. b3 O-O 7. Bb2 Bb7 8. c4 d6 9. Nc3 Ne4 10. Qc2 Nxc3 11. Bxc3 Nd7 12. d5 e5 13. dxe6 fxe6 14. Bxg7 Kxg7 15. Rad1 Qe7 16. Nd2 Rad8 17. Bf3 d5 18. b4 Ne5 19. bxc5 bxc5 20. Qb2 Qc7 21. cxd5 exd5 22. Be2 Kh6 23. Rc1 Rf6 24. f4 Nd7 25. g4 g5 26. h4 Rb6 27. hxg5+ Kg6 28. f5+ Kf7 29. g6+ Kg8 30. gxh7+ Kxh7 31. Qxb6 axb6 32. Rf3 d4 33. Rh3+ Kg7 34. exd4 Qd6 35. Nb3 cxd4 36. g5 Nc5 37. f6+ Kg6 38. Nxc5 bxc5 39. Bd3+ Kxg5 40. Rg3+ Qxg3+ 41. Kf1 Qxd3+ 0-1


[Site "https://www.chess.com"]

[Event "Titled Tuesday Blitz October 31 Early 2023"]
[White "Mitrabha, Guha"]
[Black "Harikrishnan.A.Ra"]
[WhiteFideId "5057000"]
[BlackFideId "5081483"]
[WhiteElo "2833"]
[BlackElo "2700"]
[Result "1-0"]
[Round "7"]
[TimeControl "180+1"]
[Date "2023.10.31"]
[WhiteClock "0:00:54"]
[BlackClock "0:00:00"]
[Board "20"]

1. Nf3 d5 2. c4 d4 3. b4 c5 4. bxc5 Nf6 5. g3 Nc6 6. Bg2 e5 7. d3 Bxc5 8. O-O O-O 9. Ba3 Qe7 10. Bxc5 Qxc5 11. Nbd2 Bf5 12. Rb1 Qe7 13. Qa4 h6 14. Rb5 a6 15. Rb6 e4 16. Nh4 Bh7 17. dxe4 Nxe4 18. Nxe4 Bxe4 19. Rxb7 Qxb7 20. Bxe4 Rac8 21. Nf5 Qd7 22. Rd1 Qe6 23. Bxc6 Qxf5 24. Bf3 Qf6 25. Qb4 Rfd8 26. Kg2 Rb8 27. Qd2 Qe5 28. Bd5 Re8 29. Bf3 Rbd8 30. Qb4 Qf5 31. Qa4 Qf6 32. c5 g5 33. c6 Qe5 34. Qxa6 Qe6 35. h3 Ra8 36. Qb5 Rab8 37. Qc5 Qxa2 38. Rxd4 Qa1 39. c7 Rbc8 40. Rc4 Qf6 41. Bg4 1-0


[Site "https://www.chess.com"]

[Event "Titled Tuesday Blitz October 31 Early 2023"]
[White "Kleiman, Jake"]
[Black "Kamsky, Gata"]
[WhiteFideId "2020041"]
[BlackFideId "2000024"]
[WhiteElo "2684"]
[BlackElo "2820"]
[Result "0-1"]
[Round "7"]
[TimeControl "180+1"]
[Date "2023.10.31"]
[WhiteClock "0:00:00"]
[BlackClock "0:00:36"]
[Board "21"]

1. e4 c5 2. c3 Nf6 3. e5 Nd5 4. Bc4 Nb6 5. Bb3 d5 6. exd6 Qxd6 7. Nf3 Be6 8. O-O Nc6 9. Bxe6 Qxe6 10. a4 a6 11. d4 cxd4 12. Nxd4 Nxd4 13. Qxd4 Rd8 14. Qh4 h5 15. Bg5 Qg4 16. Re1 Qxh4 17. Bxh4 f6 18. a5 Nd5 19. f3 e5 20. Bf2 Nf4 21. Be3 Nd3 22. Re2 Kd7 23. Nd2 Kc6 24. Nb3 f5 25. Bb6 Rd5 26. Rd1 Nf4 27. Red2 Be7 28. g3 Rxd2 29. Rxd2 Nd5 30. Bf2 Rd8 31. c4 Nb4 32. Rxd8 Bxd8 33. Be1 Nd3 34. Bc3 g5 35. Kf1 g4 36. Ke2 Nc5 37. Nxc5 Kxc5 38. fxg4 hxg4 39. b3 e4 40. Kd2 Bg5+ 41. Ke2 Bc1 42. Kf2 Ba3 43. Ke3 Bb4 44. Be5 Bxa5 45. Kf4 Bd2+ 46. Kxf5 e3 47. Bf4 Bc1 48. Be5 Kb4 0-1


[Site "https://www.chess.com"]

[Event "Titled Tuesday Blitz October 31 Early 2023"]
[White "Danielyan, Vahe"]
[Black "Shapiro, Viktor"]
[WhiteFideId "13304828"]
[BlackFideId "4175700"]
[WhiteElo "2755"]
[BlackElo "2526"]
[Result "1-0"]
[Round "7"]
[TimeControl "180+1"]
[Date "2023.10.31"]
[WhiteClock "0:00:18"]
[BlackClock "0:00:12"]
[Board "22"]

1. e4 Nf6 2. e5 Nd5 3. c4 Nb6 4. d4 d6 5. exd6 cxd6 6. Nc3 g6 7. Be3 Bg7 8. Rc1 O-O 9. b3 f5 10. d5 e5 11. dxe6 Nc6 12. Nf3 f4 13. Bd2 Bxe6 14. Be2 d5 15. c5 Nd7 16. Nb5 Qe7 17. Nc7 Bg4 18. Nxd5 Qf7 19. O-O Rad8 20. Nxf4 Bxf3 21. Bxf3 Nde5 22. Bxc6 bxc6 23. Qe2 Rxd2 24. Qxd2 Bh6 25. Rce1 Bxf4 26. Qc3 Qd5 27. Rd1 Qf7 28. g3 Qf5 29. gxf4 Qxf4 30. Qg3 Qe4 31. f4 Nf7 32. Qf3 Qf5 33. Qxc6 Rc8 34. Qd5 Qg4+ 35. Qg2 Qf5 36. Rd5 Qf6 37. f5 g5 38. Rfd1 h5 39. Qe4 g4 40. Qe6 Rc6 41. Rd6 Rxd6 42. cxd6 Qc3 43. d7 Qc5+ 44. Kh1 Kg7 45. Qg6+ 1-0


[Site "https://www.chess.com"]

[Event "Titled Tuesday Blitz October 31 Early 2023"]
[White "Naroditsky, Daniel"]
[Black "Di Nicolantonio, Lucas"]
[WhiteFideId "2026961"]
[BlackFideId "680460"]
[WhiteElo "3157"]
[BlackElo "2631"]
[Result "1-0"]
[Round "7"]
[TimeControl "180+1"]
[Date "2023.10.31"]
[WhiteClock "0:02:20"]
[BlackClock "0:00:21"]
[Board "23"]

1. d4 d5 2. Nc3 e6 3. e4 Nf6 4. Bg5 h6 5. Bxf6 Qxf6 6. exd5 Bb4 7. dxe6 Bxe6 8. Bd3 Nd7 9. Ne2 Bxc3+ 10. bxc3 O-O-O 11. O-O Nb6 12. Rb1 Kb8 13. Qc1 Bxa2 14. Ra1 Bd5 15. Nf4 Rhe8 16. Nxd5 Rxd5 17. Qa3 a6 18. Bxa6 bxa6 19. Qxa6 Qc6 20. Rfb1 Qb7 21. Qd3 Rg5 22. f3 Rd8 23. c4 Qc6 24. Qa3 Qxc4 25. Qa8# 1-0


[Site "https://www.chess.com"]

[Event "Titled Tuesday Blitz October 31 Early 2023"]
[White "Nagare Kaivalya Sandip"]
[Black "Martinez Alcantara, Jose Eduardo"]
[WhiteFideId "25957929"]
[BlackFideId "3805662"]
[WhiteElo "2702"]
[BlackElo "3121"]
[Result "0-1"]
[Round "7"]
[TimeControl "180+1"]
[Date "2023.10.31"]
[WhiteClock "0:00:06"]
[BlackClock "0:00:52"]
[Board "24"]

1. e4 c5 2. Nf3 d6 3. d4 cxd4 4. Nxd4 a6 5. Nc3 e6 6. Be3 b5 7. a3 Nf6 8. Bd3 Bb7 9. O-O Nbd7 10. f4 Nc5 11. Qf3 Be7 12. Rae1 Rc8 13. Nb3 Nxd3 14. cxd3 O-O 15. Kh1 Qd7 16. Qh3 a5 17. Nxa5 Ba8 18. Nb3 Rb8 19. Na2 g6 20. Nb4 Rbc8 21. Rc1 Nh5 22. g4 Ng7 23. d4 Bxe4+ 24. Kg1 h5 25. gxh5 Nxh5 26. d5 Bf5 27. Qf3 Nf6 28. Nd4 Be4 29. dxe6 fxe6 30. Qh3 Kf7 31. Nf3 Bxf3 32. Qxf3 Rc4 33. Nc6 Nd5 34. Rxc4 bxc4 35. Nxe7 Nxe7 36. Qh3 Qb5 37. Qh7+ Ke8 38. Rd1 Qc6 39. Qh3 Nf5 40. Bf2 Qe4 41. Qg4 Kd7 42. Re1 Qd5 43. Qxg6 Ne7 44. Qh7 Rg8+ 45. Bg3 Qd4+ 46. Kg2 Qxb2+ 47. Kf1 Qxa3 48. Qe4 Rg6 49. f5 Rf6 50. Bh4 Rxf5+ 51. Kg1 Qa7+ 52. Kg2 Re5 53. Qh7 Qa2+ 54. Kh3 Qb3+ 55. Kg4 Rxe1 56. Qxe7+ Kc6 57. Qe8+ Kd5 58. Qa8+ Kd4 59. Qa7+ Kd3 60. Bxe1 Qd1+ 61. Kf4 Qxe1 62. Qa3+ Qc3 63. Qxd6+ Qd4+ 64. Qxd4+ Kxd4 65. h4 c3 66. h5 c2 67. h6 c1=Q+ 0-1


[Site "https://www.chess.com"]

[Event "Titled Tuesday Blitz October 31 Early 2023"]
[White "Paravyan, David"]
[Black "Ovetchkin, Roman"]
[WhiteFideId "4194985"]
[BlackFideId "4119991"]
[WhiteElo "3066"]
[BlackElo "2694"]
[Result "1-0"]
[Round "7"]
[TimeControl "180+1"]
[Date "2023.10.31"]
[WhiteClock "0:01:15"]
[BlackClock "0:00:05"]
[Board "25"]

1. e4 c6 2. d4 d5 3. Nd2 dxe4 4. Nxe4 Nf6 5. Nxf6+ exf6 6. c3 Bd6 7. Bd3 O-O 8. Qc2 Re8+ 9. Ne2 f5 10. Bxf5 Bxf5 11. Qxf5 Nd7 12. Be3 Nf6 13. O-O Nd5 14. Ng3 g6 15. Qf3 Qh4 16. Rae1 Re6 17. Bd2 Rae8 18. Rxe6 Rxe6 19. h3 b5 20. Qg4 Qxg4 21. hxg4 Bxg3 22. fxg3 Re2 23. Rf2 Rxf2 24. Kxf2 f6 25. Kf3 Kf7 26. b3 Ke6 27. Ke4 Nb6 28. Bf4 a6 29. a3 f5+ 30. gxf5+ gxf5+ 31. Kd3 Nd5 32. c4 Nf6 33. Kc3 a5 34. d5+ Kd7 35. dxc6+ Kxc6 36. cxb5+ Kxb5 37. a4+ Kc6 38. Kd4 Ne4 39. g4 Nc5 40. gxf5 Nxb3+ 41. Ke5 Nc5 42. f6 Kd7 43. Bg5 Ke8 44. Be3 Nb7 45. Bb6 Kf7 46. g3 h5 47. Kd5 1-0


[Site "https://www.chess.com"]

[Event "Titled Tuesday Blitz October 31 Early 2023"]
[White "Preotu, Razvan"]
[Black "Bluebaum, Matthias"]
[WhiteFideId "2613280"]
[BlackFideId "24651516"]
[WhiteElo "2694"]
[BlackElo "3056"]
[Result "0-1"]
[Round "7"]
[TimeControl "180+1"]
[Date "2023.10.31"]
[WhiteClock "0:00:01"]
[BlackClock "0:01:36"]
[Board "26"]

1. e4 e6 2. d4 d5 3. Nc3 Nf6 4. e5 Nfd7 5. f4 c5 6. Nf3 Nc6 7. Be3 a6 8. Ne2 Qb6 9. Qc1 Be7 10. c3 O-O 11. h4 f6 12. h5 h6 13. Rh3 Qa5 14. Kf2 cxd4 15. cxd4 fxe5 16. fxe5 Ncxe5 17. dxe5 Nxe5 18. Kg1 Ng4 19. Rg3 e5 20. Rxg4 Bxg4 21. Nxe5 Bxh5 22. Nf4 Rac8 23. Qd2 Qxd2 24. Bxd2 Rc2 25. Nxd5 Bd6 26. Nc4 b5 27. Nxd6 Rxd2 28. Ne7+ Kh8 29. g4 Bxg4 30. Ng6+ Kg8 31. Ne4 Rd4 32. Nf2 Rf6 33. Ne5 Be6 34. Bg2 Rd2 35. Ned3 Bc4 36. Be4 Re2 37. b3 Bxd3 38. Bxd3 Rexf2 0-1


[Site "https://www.chess.com"]

[Event "Titled Tuesday Blitz October 31 Early 2023"]
[White "Makarian, Rudik"]
[Black "Mendez Fortes, Eduardo Jesus"]
[WhiteFideId "44105681"]
[BlackFideId "3502376"]
[WhiteElo "3029"]
[BlackElo "2681"]
[Result "1-0"]
[Round "7"]
[TimeControl "180+1"]
[Date "2023.10.31"]
[WhiteClock "0:01:40"]
[BlackClock "0:00:31"]
[Board "27"]

1. d4 Nf6 2. c4 e6 3. Nf3 d5 4. Nc3 Bb4 5. Qa4+ Nc6 6. Bd2 O-O 7. a3 Bxc3 8. Bxc3 Ne7 9. e3 b6 10. Bd3 a5 11. Qc2 Ba6 12. cxd5 Bxd3 13. Qxd3 exd5 14. O-O Nc8 15. b4 Nd6 16. bxa5 bxa5 17. a4 Nc4 18. Rfb1 Ne4 19. Nd2 Ncxd2 20. Bxd2 Qd6 21. Be1 Qd7 22. Qb5 c6 23. Qb7 Qd6 24. Rc1 Rfc8 25. f3 Nf6 26. Bg3 Qe6 27. Ra3 Nh5 28. Be5 f6 29. Bc7 Qd7 30. Qxc6 Qe7 31. Rac3 Ra7 32. Qxd5+ Kh8 33. Bb6 1-0


[Site "https://www.chess.com"]

[Event "Titled Tuesday Blitz October 31 Early 2023"]
[White "Zhigalko, Sergei"]
[Black "Rosen, Eric"]
[WhiteFideId "13502956"]
[BlackFideId "2032562"]
[WhiteElo "2948"]
[BlackElo "2677"]
[Result "0-1"]
[Round "7"]
[TimeControl "180+1"]
[Date "2023.10.31"]
[WhiteClock "0:00:06"]
[BlackClock "0:00:11"]
[Board "28"]

1. e4 c5 2. Nf3 e6 3. c3 d5 4. e5 d4 5. Bd3 Nc6 6. O-O g5 7. Bb5 g4 8. Ne1 h5 9. cxd4 cxd4 10. Nd3 Bd7 11. Re1 a6 12. Ba4 Nh6 13. Nf4 Nf5 14. d3 Bg7 15. Bxc6 Bxc6 16. Nd2 Qc7 17. Nc4 b5 18. Nd6+ Nxd6 19. exd6 Qxd6 20. Bd2 Be5 21. Rc1 Rc8 22. Re4 f5 23. Bb4 Qb8 24. Qb3 Bd7 25. Rxc8+ Bxc8 26. Re1 Kf7 27. Nd5 Bxh2+ 28. Kh1 h4 29. Ne7 Bd7 30. Nxf5 Bf4 31. Re4 h3 32. g3 Bc7 33. Kh2 a5 34. Nxd4 axb4 35. Nxe6 Kg6 36. Nxc7 Qxc7 37. Qd5 Bf5 38. Re5 Qf7 39. Qd6+ Kg7 40. Qd4 Qf6 41. Re7+ Kg6 42. Qe3 Rf8 43. d4 Rf7 44. Re8 Rf8 45. Re7 Rf7 46. Re8 Kg7 47. Re5 Bg6 48. Rg5 Qxf2+ 49. Qxf2 Rxf2+ 50. Kg1 Rg2+ 51. Kh1 Rxg3 52. a3 Kf6 53. Rxb5 Be4+ 54. Kh2 Rg2+ 55. Kh1 Rxb2+ 56. Kg1 h2+ 57. Kf1 h1=Q# 0-1


[Site "https://www.chess.com"]

[Event "Titled Tuesday Blitz October 31 Early 2023"]
[White "Yen, William"]
[Black "Xu, Xiangyu"]
[WhiteFideId "30932025"]
[BlackFideId "8608288"]
[WhiteElo "2676"]
[BlackElo "2913"]
[Result "0-1"]
[Round "7"]
[TimeControl "180+1"]
[Date "2023.10.31"]
[WhiteClock "0:01:05"]
[BlackClock "0:01:50"]
[Board "29"]

1. e4 c5 2. Nf3 d6 3. d4 cxd4 4. Nxd4 Nf6 5. Nc3 a6 6. Be2 e5 7. Nf3 Be7 8. O-O O-O 9. h3 Nbd7 10. Re1 b6 11. Bg5 Bb7 12. Nd2 Qc7 13. a4 Rfd8 14. Nc4 h6 15. Bh4 g5 16. Bg3 Nxe4 17. Nxe4 Bxe4 18. c3 Nf6 19. f3 Bg6 20. Bf2 Rab8 21. Ne3 d5 22. Ng4 Nxg4 23. hxg4 a5 24. Bb5 Bc5 25. Bxc5 Qxc5+ 26. Kh2 f6 27. Qd2 Kg7 28. Rad1 h5 29. gxh5 Bxh5 30. Qe3 Bg6 31. Qxc5 bxc5 32. Re2 d4 33. Red2 Bf7 34. Kg3 f5 35. cxd4 cxd4 36. Rc1 Rbc8 37. Re1 Rc5 38. Rde2 Kf6 0-1


[Site "https://www.chess.com"]

[Event "Titled Tuesday Blitz October 31 Early 2023"]
[White "BashirovKemal"]
[Black "Pranav Anand"]
[BlackFideId "46626786"]
[WhiteElo "2672"]
[BlackElo "2906"]
[Result "0-1"]
[Round "7"]
[TimeControl "180+1"]
[Date "2023.10.31"]
[WhiteClock "0:01:20"]
[BlackClock "0:01:44"]
[Board "30"]

1. d4 Nf6 2. c4 g6 3. Nc3 Bg7 4. e4 d6 5. Be2 O-O 6. Bg5 Na6 7. Qd2 Qe8 8. O-O-O c5 9. d5 b5 10. cxb5 Nc7 11. f3 Bd7 12. a4 Qb8 13. e5 dxe5 14. d6 exd6 15. Qxd6 Be6 16. Qxc5 Rc8 17. Qa3 a6 18. bxa6 Ncd5 19. Bd2 e4 20. Kb1 e3 21. Be1 Nxc3+ 22. Bxc3 Rxc3 23. Qxc3 Nd5 24. Qc2 Nc3+ 25. Ka1 Bb3 26. Qc1 Nxd1 0-1


[Site "https://www.chess.com"]

[Event "Titled Tuesday Blitz October 31 Early 2023"]
[White "Rustemov, Alexander"]
[Black "Barrientos, Sergio E"]
[WhiteFideId "4119002"]
[BlackFideId "4401824"]
[WhiteElo "2887"]
[BlackElo "2668"]
[Result "1/2-1/2"]
[Round "7"]
[TimeControl "180+1"]
[Date "2023.10.31"]
[WhiteClock "0:00:06"]
[BlackClock "0:00:17"]
[Board "31"]

1. d4 Nf6 2. c4 g6 3. Nf3 Bg7 4. g3 O-O 5. Bg2 c6 6. b3 d5 7. Nbd2 a5 8. a3 Be6 9. Qc2 Nbd7 10. Bb2 b5 11. O-O a4 12. cxb5 cxb5 13. Rfc1 Qb8 14. Ne1 axb3 15. Qxb3 Rc8 16. Rxc8+ Qxc8 17. Nd3 Qa6 18. Bc3 Ne4 19. Nb4 Qb7 20. e3 Nb6 21. Nd3 Nxd2 22. Bxd2 Nc4 23. Bb4 Bf5 24. Nf4 e6 25. h4 Bf8 26. Bxf8 Kxf8 27. Qb4+ Kg7 28. a4 Qa6 29. a5 Qd6 30. Qxb5 Ra6 31. Bf1 Ra7 32. Bxc4 dxc4 33. Qxc4 Be4 34. Qc5 Qd7 35. a6 f6 36. Qb6 Kf7 37. Rc1 g5 38. hxg5 fxg5 39. Ne2 Kg6 40. Nc3 Bf3 41. Nb5 Ra8 42. a7 Qd5 43. Qc5 Qe4 44. Qe5 Qg4 45. Kf1 Qh3+ 46. Ke1 Qg2 47. Qxe6+ Kh5 48. Qf7+ Kg4 49. Qe6+ Kh5 50. Qf7+ Kg4 51. Qd7+ Kh5 52. Qxh7+ Kg4 53. Qd7+ Kh5 54. Qh7+ Kg4 55. Qd7+ Kh5 56. Qh7+ 1/2-1/2


[Site "https://www.chess.com"]

[Event "Titled Tuesday Blitz October 31 Early 2023"]
[White "Kozak, Antoni"]
[Black "Janaszak, Dawid"]
[WhiteFideId "21832030"]
[BlackFideId "1119206"]
[WhiteElo "2828"]
[BlackElo "2671"]
[Result "1/2-1/2"]
[Round "7"]
[TimeControl "180+1"]
[Date "2023.10.31"]
[WhiteClock "0:00:12"]
[BlackClock "0:00:06"]
[Board "32"]

1. Nf3 g6 2. g3 Bg7 3. Bg2 Nf6 4. O-O O-O 5. b3 c5 6. Bb2 Nc6 7. c4 d5 8. e3 d4 9. exd4 cxd4 10. b4 Nxb4 11. Bxd4 Bf5 12. Na3 Re8 13. Qb3 Nc6 14. Bc3 Be4 15. Rfe1 e5 16. Rad1 Rb8 17. d3 Bxf3 18. Bxf3 Nd4 19. Bxd4 exd4 20. Nc2 Nd7 21. Qa3 Ne5 22. Bg2 a6 23. Re4 Nc6 24. Qb3 Qd7 25. Rb1 b5 26. Rxe8+ Qxe8 27. Bxc6 Qxc6 28. Nb4 Qc8 29. Nd5 Qe6 30. a4 b4 31. a5 Bf8 32. Qa4 Qe2 33. Nf4 Qe5 34. Qc6 Qxa5 35. Nd5 b3 36. Nf6+ Kg7 37. Nd7 Rd8 38. Rxb3 Qf5 39. Rb7 a5 40. Kg2 h5 41. h4 g5 42. hxg5 h4 43. gxh4 Qg4+ 44. Kf1 Qd1+ 45. Kg2 Qg4+ 46. Kf1 Qd1+ 47. Kg2 Qg4+ 1/2-1/2


[Site "https://www.chess.com"]

[Event "Titled Tuesday Blitz October 31 Early 2023"]
[White "Sharapov, Evgeny"]
[Black "Komov, Roman"]
[WhiteFideId "14103133"]
[BlackFideId "24175714"]
[WhiteElo "2668"]
[BlackElo "2783"]
[Result "1/2-1/2"]
[Round "7"]
[TimeControl "180+1"]
[Date "2023.10.31"]
[WhiteClock "0:00:17"]
[BlackClock "0:00:02"]
[Board "33"]

1. e4 c5 2. Nf3 d6 3. d4 cxd4 4. Nxd4 Nf6 5. Nc3 Nc6 6. g3 g6 7. Nde2 Bg7 8. Bg2 O-O 9. O-O Rb8 10. a4 a6 11. Nd5 b5 12. axb5 axb5 13. c3 b4 14. Nd4 Nxd4 15. cxd4 Bb7 16. Nxf6+ Bxf6 17. Be3 Ra8 18. Qd2 Qb6 19. f4 Bg7 20. e5 Bxg2 21. Kxg2 d5 22. Rfc1 e6 23. Qc2 Qb5 24. Kf2 h5 25. Qe2 Qb7 26. h3 Rxa1 27. Rxa1 Rc8 28. Rc1 Rc6 29. Rxc6 Qxc6 30. g4 hxg4 31. hxg4 Bf8 32. Qd3 Qc8 33. b3 Be7 34. Kf3 Kg7 35. Bd2 Qh8 36. Kg2 Qa8 37. f5 Kh7 38. Qh3+ Kg8 39. fxg6 fxg6 40. Qh6 Qe8 41. Bg5 Bf8 42. Qh4 Qb5 43. Bf6 Qe2+ 44. Kg1 Qd1+ 45. Kg2 Qd2+ 46. Kf1 Qf4+ 47. Kg2 Qe4+ 48. Kf1 Qd3+ 49. Kg2 Qe2+ 50. Kg1 Qe3+ 51. Kg2 Qe4+ 52. Kf1 Qf3+ 53. Kg1 Qe3+ 54. Kg2 Qe2+ 1/2-1/2


[Site "https://www.chess.com"]

[Event "Titled Tuesday Blitz October 31 Early 2023"]
[White "Saydaliev, Saidakbar"]
[Black "Volkov, Maksim"]
[WhiteFideId "14203693"]
[BlackFideId "54123070"]
[WhiteElo "2777"]
[BlackElo "2657"]
[Result "1-0"]
[Round "7"]
[TimeControl "180+1"]
[Date "2023.10.31"]
[WhiteClock "0:00:38"]
[BlackClock "0:00:05"]
[Board "34"]

1. d4 d5 2. c4 e6 3. Nf3 Nf6 4. Nc3 c5 5. cxd5 cxd4 6. Qxd4 exd5 7. Bg5 Be7 8. e3 O-O 9. Be2 h6 10. Bh4 Nc6 11. Qd1 Be6 12. O-O Qb6 13. Rb1 Rfd8 14. Nb5 Rac8 15. Nbd4 g5 16. Bg3 Ne4 17. Nxc6 bxc6 18. Nd4 c5 19. Nxe6 Qxe6 20. Bd3 Nxg3 21. hxg3 d4 22. exd4 Rxd4 23. Qc2 Qxa2 24. Rbc1 Rcd8 25. Bc4 Qa5 26. Qf5 Qc7 27. Qg6+ Kh8 28. Qxh6+ Kg8 29. Qg6+ Kh8 30. Bxf7 R4d6 31. Qh5+ Kg7 32. Bc4 Rh8 33. Qf7+ Kh6 34. Rfe1 Rh7 35. Re6+ Rxe6 36. Qxe6+ Kg7 37. Rd1 1-0


[Site "https://www.chess.com"]

[Event "Titled Tuesday Blitz October 31 Early 2023"]
[White "Sokolovsky, Yahli"]
[Black "Nurmanova, Alua"]
[WhiteFideId "2820242"]
[BlackFideId "13729390"]
[WhiteElo "2775"]
[BlackElo "2648"]
[Result "1-0"]
[Round "7"]
[TimeControl "180+1"]
[Date "2023.10.31"]
[WhiteClock "0:00:04"]
[BlackClock "0:00:03"]
[Board "35"]

1. b3 Nf6 2. Bb2 g6 3. Nf3 Bg7 4. c4 d6 5. g3 O-O 6. Bg2 e5 7. Nc3 Nc6 8. d3 Re8 9. O-O e4 10. Nxe4 Nxe4 11. Bxg7 Nxf2 12. Rxf2 Kxg7 13. Qd2 Bf5 14. Raf1 Qd7 15. Ng5 h6 16. e4 hxg5 17. exf5 f6 18. fxg6 Rf8 19. Qc3 Ne5 20. Bxb7 Rae8 21. Be4 c6 22. d4 Nxg6 23. Qf3 Ne7 24. Bc2 d5 25. c5 Qh3 26. b4 f5 27. Qe3 f4 28. Qe5+ Kh6 29. gxf4 gxf4 30. Rg2 Qe3+ 31. Qxe3 fxe3 32. Rxf8 Rxf8 33. Re2 Ng6 34. Bxg6 Kxg6 35. Rxe3 Rf6 36. Kg2 Kg5 37. Rg3+ Kh4 38. Rf3 Re6 39. Rf4+ Kg5 40. Kf3 Rh6 41. h4+ Kh5 42. a4 a6 43. Rf8 Kxh4 44. Ra8 Rf6+ 45. Ke3 Re6+ 46. Kd3 Re1 47. Rxa6 Rd1+ 48. Kc3 Rc1+ 49. Kd2 Rc4 50. b5 Rxd4+ 51. Ke3 Re4+ 52. Kf3 cxb5 53. axb5 Rb4 54. b6 Kg5 55. c6 d4 56. c7 Rc4 57. b7 Rxc7 58. b8=Q Rc3+ 59. Ke4 Re3+ 60. Kxd4 Kf5 61. Kxe3 1-0


[Site "https://www.chess.com"]

[Event "Titled Tuesday Blitz October 31 Early 2023"]
[White "Fecker, Noah"]
[Black "Bayramov, Zaur"]
[WhiteFideId "1334263"]
[BlackFideId "13405080"]
[WhiteElo "2757"]
[BlackElo "2646"]
[Result "1/2-1/2"]
[Round "7"]
[TimeControl "180+1"]
[Date "2023.10.31"]
[WhiteClock "0:00:05"]
[BlackClock "0:00:14"]
[Board "36"]

1. e4 d6 2. d4 Nf6 3. Nc3 e5 4. Nf3 Nbd7 5. Bc4 Be7 6. a4 O-O 7. O-O c6 8. a5 Rb8 9. Re1 Qc7 10. h3 b5 11. axb6 axb6 12. Bf1 b5 13. b4 Re8 14. Bb2 Bf8 15. Bd3 Bb7 16. Ne2 Nb6 17. Ng3 g6 18. Qd2 Bg7 19. Ra7 Ra8 20. Rea1 Rxa7 21. Rxa7 Nfd7 22. dxe5 dxe5 23. Ra1 Na4 24. Bc1 Ndb6 25. Qe1 Qe7 26. Be3 Nd7 27. c4 Nb2 28. Bf1 Nxc4 29. Bxc4 bxc4 30. Ra7 Bc8 31. Qc3 Qd6 32. Qxc4 h6 33. Kh2 Bf8 34. Nh4 Qxb4 35. Qxc6 Qe7 36. Nxg6 fxg6 37. Qxg6+ Kh8 38. Bxh6 Qe6 39. Qxe6 Rxe6 40. Be3 Kg8 41. Nf5 Rc6 42. h4 Nf6 43. f3 Bxf5 44. exf5 e4 45. fxe4 Nxe4 46. g4 Rc2+ 47. Kh3 Rc3 48. g5 Rxe3+ 49. Kg4 Nd6 50. f6 Re4+ 51. Kh5 Nf5 52. g6 Nxh4 53. g7 Bxg7 54. Rxg7+ Kf8 55. Rg4 Rxg4 56. Kxg4 Kf7 57. Kxh4 Kxf6 1/2-1/2


[Site "https://www.chess.com"]

[Event "Titled Tuesday Blitz October 31 Early 2023"]
[White "Fier, Alexandr"]
[Black "Chinguun, Sumiya"]
[WhiteFideId "2107139"]
[BlackFideId "4902572"]
[WhiteElo "2748"]
[BlackElo "2644"]
[Result "0-1"]
[Round "7"]
[TimeControl "180+1"]
[Date "2023.10.31"]
[WhiteClock "0:00:10"]
[BlackClock "0:00:55"]
[Board "37"]

1. e4 c5 2. Nf3 Nc6 3. c3 d5 4. exd5 Qxd5 5. d4 e6 6. Be2 cxd4 7. cxd4 Nf6 8. O-O Be7 9. Nc3 Qd6 10. Nb5 Qd8 11. Bf4 Nd5 12. Bg3 a6 13. Nc3 O-O 14. Bc4 b5 15. Bb3 Bb7 16. Re1 Nxc3 17. bxc3 Rc8 18. Qd3 g6 19. Rad1 Bf6 20. h4 h5 21. Qe3 Ne7 22. Be5 Nf5 23. Qd3 Bxf3 24. Qxf3 Bxe5 25. Rxe5 Qxh4 26. g3 Qg4 27. Qd3 Rfd8 28. Rde1 b4 29. cxb4 Rxd4 30. Qxa6 Rc3 31. Qa8+ Kg7 32. Bxe6 fxe6 33. Rxe6 Rd1 34. Qb8 Qd4 35. Kg2 Rc2 36. Qb7+ Kh6 37. R6e2 Rxe1 38. Rxc2 Qd1 39. Rc8 Ne3+ 40. fxe3 Re2+ 41. Kf3 Rd2+ 42. Kf4 Qg4+ 43. Ke5 Qf5# 0-1


[Site "https://www.chess.com"]

[Event "Titled Tuesday Blitz October 31 Early 2023"]
[White "Skliarov, Viktor"]
[Black "Srihari L R"]
[WhiteFideId "14106736"]
[BlackFideId "46617116"]
[WhiteElo "2639"]
[BlackElo "2745"]
[Result "0-1"]
[Round "7"]
[TimeControl "180+1"]
[Date "2023.10.31"]
[WhiteClock "0:00:33"]
[BlackClock "0:00:51"]
[Board "38"]

1. e4 g6 2. d4 Bg7 3. Nc3 d6 4. Be3 c6 5. f3 Nf6 6. Qd2 e5 7. O-O-O exd4 8. Bxd4 O-O 9. g4 b5 10. h4 b4 11. Nce2 Qa5 12. Kb1 Be6 13. Nc1 c5 14. Be3 c4 15. Qxd6 Nbd7 16. Nh3 Rfd8 17. Ng5 Nf8 18. Qxd8 Rxd8 19. Rxd8 Qxd8 20. Nxe6 Nxe6 21. Bxc4 Qc7 22. Bxe6 fxe6 23. Rd1 h5 24. g5 Nd7 25. f4 Bf8 0-1


[Site "https://www.chess.com"]

[Event "Titled Tuesday Blitz October 31 Early 2023"]
[White "Jain Kashish Manoj"]
[Black "NovozhilovSemen"]
[WhiteFideId "35081098"]
[WhiteElo "2633"]
[BlackElo "2737"]
[Result "0-1"]
[Round "7"]
[TimeControl "180+1"]
[Date "2023.10.31"]
[WhiteClock "0:00:00"]
[BlackClock "0:00:14"]
[Board "39"]

1. e4 c5 2. Nf3 Nc6 3. Bb5 g6 4. O-O Bg7 5. Nc3 Nd4 6. Ba4 e6 7. Nxd4 cxd4 8. Ne2 Ne7 9. d3 O-O 10. Kh1 d5 11. f3 e5 12. Qe1 Be6 13. Qh4 Rc8 14. Bg5 f6 15. Bh6 dxe4 16. Bxg7 Kxg7 17. fxe4 a6 18. Rf2 Qa5 19. Bb3 Bxb3 20. cxb3 Rc6 21. a3 Qd2 22. Ng1 Qxd3 23. Rf3 Qc2 24. Rh3 h5 25. Rg3 Rh8 26. Rf1 g5 27. Qh3 Rd6 28. Nf3 Qc8 29. Nxg5 Qxh3 30. Nxh3+ Kf7 31. Rd3 Rc8 32. Ng5+ Kg6 33. Nf3 Rc2 34. Nd2 b5 35. a4 Rxb2 36. axb5 axb5 37. h4 Nc6 38. Rg3+ Kf7 39. Rc1 Rxd2 0-1


[Site "https://www.chess.com"]

[Event "Titled Tuesday Blitz October 31 Early 2023"]
[White "Arslanov, Shamil"]
[Black "Kislinsky, Alexey"]
[WhiteFideId "4192826"]
[BlackFideId "14108801"]
[WhiteElo "2631"]
[BlackElo "2733"]
[Result "0-1"]
[Round "7"]
[TimeControl "180+1"]
[Date "2023.10.31"]
[WhiteClock "0:00:00"]
[BlackClock "0:00:09"]
[Board "40"]

1. d4 Nf6 2. f3 d5 3. e4 dxe4 4. Nc3 exf3 5. Nxf3 Bg4 6. h3 Bxf3 7. Qxf3 c6 8. g4 e6 9. g5 Nd5 10. Bd3 Nb4 11. Be4 Be7 12. h4 Nd7 13. a3 Nd5 14. Rf1 O-O 15. Bd2 f5 16. Bxd5 exd5 17. O-O-O b5 18. g6 h6 19. Ne2 Bxh4 20. Kb1 Nf6 21. Rh1 Ne4 22. Bb4 Be7 23. Bd2 Bg5 24. Bb4 Rf6 25. Qh5 Qe8 26. Nc3 Qxg6 27. Qh3 Rf7 28. Rdg1 Nf2 29. Qg2 Nxh1 30. Qxh1 Qf6 31. Nd1 Re8 32. Nf2 Be3 33. Qg2 Bxf2 34. Qxf2 f4 35. Bd2 f3 36. Be3 Qe6 37. Re1 Rfe7 38. Ka2 Qxe3 39. Rxe3 Rxe3 0-1


[Site "https://www.chess.com"]